 Dungeon Crawl Stone Soup version 0.30.0-10-gfe55d96785 (webtiles) character file.

Game seed: 38421636049271189

634 dolemite99 the Ruffian (level 7, -8/66 HPs)
             Began as a Troll Fighter on May 16, 2023.
             Was a Believer of Wu Jian.
             Mangled by a hornet (9 damage)
             ... on level 4 of the Dungeon.
             The game lasted 00:04:40 (3753 turns).

dolemite99 the Ruffian (Troll Fighter)              Turns: 3753, Time: 00:04:40

Health: -8/66      AC:  5    Str: 27    XL:     7   Next: 25%
Magic:  15/15      EV:  7    Int:  4    God:    Wu Jian [**....]
Gold:   30         SH: 12    Dex:  9    Spells: 6/6 levels left

rFire   . .          .
                       - Unarmed
rCold   . . .        q - +0 tower shield
rNeg    . . .        a - +0 robe
rPois   .            (helmet restricted)
rElec   .            l - +0 cloak
rCorr   .            (gloves unavailable)
SInv    .            (boots unavailable)
Will    .....        (no amulet)
Stlth   +            k - ring of magical power
HPRegen 1.11/turn    r - ring of flight
MPRegen 0.14/turn

%: no passive effects
@: mighty, lethally poisoned (-8 -> -10), flying, hasted and slowed
A: large, unfitting armour, claws 3, regeneration 1, shaggy fur 1, tough skin 1
a: Renounce Religion, Wall Jump


You were on level 4 of the Dungeon.
You worshipped Wu Jian.
Wu Jian was pleased with you.
You visited 1 branch of the dungeon, and saw 5 of its levels.

You collected 180 gold pieces.
You spent 150 gold pieces at shops.

Inventory:

Missiles
 e - 3 poisoned darts (quivered)
Armour
 a - a +0 robe (worn)
 b - a +0 kite shield
 l - a +0 cloak (worn)
 q - a +0 tower shield (worn)
Jewellery
 k - a ring of magical power (left claw)
 r - a ring of flight (right claw)
 t - a ring of fire
Wands
 u - a wand of flame (15)
 w - a wand of polymorph (10)
Scrolls
 g - a scroll of silence
 h - 2 scrolls of immolation
 i - 2 scrolls of enchant weapon
 j - 3 scrolls of magic mapping
 o - a scroll of noise {unknown}
 p - a scroll of blinking
 s - a scroll of vulnerability {unknown}
Potions
 c - a potion of might
 d - 2 potions of haste
 n - a potion of magic
 v - a potion of mutation {unknown}


   Skills:
 - Level 2.4 Fighting
 - Level 2.4 Dodging
 + Level 5.8 Shields
 + Level 5.8 Unarmed Combat


You had 6 spell levels left.
You didn't know any spells.
Your spell library contained the following spells:

 Spells                   Type           Power      Damage    Failure   Level
 Beastly Appendage        Tmut           0%         N/A       93%         1
 Wereblood                Tmut           0%         N/A       98%         2
 Ozocubu's Armour         Ice            0%         N/A       100%        3
 Spider Form              Tmut/Pois      0%         N/A       100%        3
 Vhi's Electric Charge    Tloc/Air       0%         N/A       100%        3
 Arcjolt                  Conj/Air       0%         1d10      100%        5
 Metabolic Englaciation   Hex/Ice        0%         N/A       100%        5
 Plasma Beam              Fire/Air       0%         2x1d11    100%        6
 Simulacrum               Ice/Necr       0%         N/A       100%        6
 Malign Gateway           Summ/Tloc      0%         N/A       100%        7
 Summon Horrible Things   Summ           0%         N/A       100%        8


Dungeon Overview and Level Annotations

Branches:
Dungeon (5/15)
 Temple: D:4-7

Altars:
Dithmenos
Fedhas
Sif Muna
Wu Jian
Xom
Yredelemnul
Zin

Shops:
D:1 ?[*((


Innate Abilities, Weirdness & Mutations

You are too large for most types of armour.
You have claws for hands.
Your natural rate of healing is unusually fast.
You are covered in fur. (AC +1)
You have tough skin. (AC +1)


Message History

Aiming: Wall Jump
Press: ? - help, Dir - move target, f - you Please select an adjacent position to wall jump against.
Okay, then.
You feel better. The hornet stings you.
You feel as though you will be slow longer.
You block the hornet's attack.
You feel yourself speed up. The hornet stings you!
You feel as though you will be slow longer.
The hornet stings you.
You feel as though you will be slow longer.
You block the hornet's attack.
You feel very mighty all of a sudden. The hornet stings you!
You are poisoned.
You feel as though you will be slow longer.
You closely miss the hornet.
You feel sick. The hornet stings you!
* * * LOW HITPOINT WARNING * * *
You feel as though you will be slow longer.
The hornet stings you!
* * * LOW HITPOINT WARNING * * *
You are lethally poisoned!
You feel as though you will be slow longer.
You feel better. You block the hornet's attack.
You feel better. The hornet stings you!
* * * LOW HITPOINT WARNING * * *
You are poisoned.
You feel as though you will be slow longer.
You block the hornet's attack.
You scratch the hornet.
The hornet is lightly wounded.
You feel very sick. The hornet stings you!
* * * LOW HITPOINT WARNING * * *
You feel as though you will be slow longer.
You closely miss the hornet.
The hornet is lightly wounded.
* * * LOW HITPOINT WARNING * * *
You feel sick. The hornet stings you!
You die...

#.#.#.#.#...#########.#.....#....
#8#8#8#8#.>.......###.#.....#....
#########.........#.........#....
...# ##...........)......#....
...# #........).........#..<.
...# ..#.............>...######
..(#####.#######g#.........#.....
.......#..######y#........ #..#..
...............#@#........ #_....
.....##.##.......######... #..#..
...#..#.#..#...### ... #.....
...##.....##....# ## ######
#......_........#
#..##.....##....#
#..#..#.#..#...##
##...##.##...#####
#...............#


You could see a hornet and a hobgoblin.

Vanquished Creatures
  An ice beast (D:5)
  The ghost of PerfectTommy the Shield-Bearer, an amateur MiFi (D:3)
  A black bear (D:5)
  An ogre (D:4)
  2 scorpions (D:5)
  A hound (D:5)
  An orc priest (D:3)
  An iguana (D:5)
  2 worms
  2 dart slugs (D:2)
  5 orcs
  9 endoplasms
  3 giant cockroaches
  5 goblins
  5 hobgoblins
  3 jackals (D:3)
  8 kobolds
  A quokka (D:3)
  6 ball pythons
  11 bats
  A frilled lizard (D:2)
  12 rats
82 creatures vanquished.

Notes
Turn   | Place    | Note
-------+----------+-------------------------------------------
     0 | D:1      | dolemite99 the Troll Fighter began the quest for the Orb.
     0 | D:1      | Reached XP level 1. HP: 22/22 MP: 0/0
    76 | D:1      | Found Istru's Weapon Shoppe.
   187 | D:1      | Reached XP level 2. HP: 29/29 MP: 1/1
   315 | D:1      | Found Pirenn's Weapon Shoppe.
   523 | D:1      | Found Eckus's General Store.
   562 | D:1      | Found Cagosk Rule's Magic Scroll Emporium.
   565 | D:1      | Found Qytwof's Antique Armour Emporium.
   707 | D:1      | Found a faded altar of an unknown god.
   731 | D:1      | Prayed at the altar of an unknown god.
   731 | D:1      | Became a worshipper of the Wu Jian Council
   731 | D:1      | Reached * piety under Wu Jian
   959 | D:2      | Reached XP level 3. HP: 36/36 MP: 2/2
  1626 | D:3      | Reached ** piety under Wu Jian
  1634 | D:3      | Reached XP level 4. HP: 35/44 MP: 3/3
  1675 | D:3      | Found a runed translucent door.
  2039 | D:3      | Noticed PerfectTommy's ghost (amateur MiFi)
  2161 | D:3      | Killed PerfectTommy's ghost
  2162 | D:3      | Reached XP level 5. HP: 28/50 MP: 4/4
  2327 | D:1      | Bought a tower shield for 90 gold pieces
  2453 | D:4      | Noticed an ogre
  2461 | D:4      | Killed an ogre
  2462 | D:4      | Reached XP level 6. HP: 59/59 MP: 5/5
  2675 | D:4      | Found a shimmering altar of Xom.
  2832 | D:4      | Found a shimmering blue altar of Sif Muna.
  2832 | D:4      | Found a blossoming altar of Fedhas.
  2833 | D:4      | Found a shadowy altar of Dithmenos.
  2908 | D:4      | Found a glowing silver altar of Zin.
  2947 | D:4      | You are sucked into a shaft and drop 1 floor!
  2947 | D:5      | Entered Level 5 of the Dungeon
  2982 | D:5      | Reached skill level 5 in Shields
  3016 | D:5      | Reached skill level 5 in Unarmed Combat
  3036 | D:5      | Noticed an ice beast
  3042 | D:5      | Reached XP level 7. HP: 61/66 MP: 6/6
  3344 | D:5      | Found a basalt altar of Yredelemnul.
  3523 | D:1      | Bought a scroll of identify for 20 gold pieces
  3527 | D:1      | Bought a scroll of identify for 20 gold pieces
  3527 | D:1      | Bought a scroll of identify for 20 gold pieces
  3737 | D:4      | Noticed a hornet
  3744 | D:4      | Paralysed by a hornet for 1 turns
  3752 | D:4      | HP: 2/66 [hornet (8)]
  3753 | D:4      | Mangled by a hornet

Illustrated notes

Levels and vault maps discovered:
D:1:      wheals_arrival_shading, layout_loops_ring,
          shapermc_ecumenical_altar_flowoftime, serial_shops, shop, shop_statue,
          nicolae_shop_waterfront, shop, nicolae_shop_trees,
          minmay_misc_feat_four_crosses, solitary_fountain
D:2:      layout_basic, hangedman_feature_mirror
D:3:      layout_loops_cross, ebering_ghost_reflecting_pool
D:4:      layout_basic, mainiacjoe_overflow_small_starburst,
          gammafunk_temple_overflow_claw, lemuel_coloured_pillars_altar,
          minmay_misc_feat_hallway, minmay_strange_pillars
D:5:      layout_gridville, yredelemnul_altar_generic, uniq_blork_the_orc

Skill      XL: |  1  2  3  4  5  6 |
---------------+-------------------+-----
Shields        | 3 4 5 |  5.8
Unarmed Combat | 3 4 5 |  5.8
Fighting       | |  2.4
Dodging        | |  2.4

Action                     |  1- 3 |  4- 6 |  7- 9 || total
---------------------------+-------+-------+-------++-------
  Melee: Unarmed           |    97 |    74 |    23 ||   194
  Throw: Dart              |    47 |    40 |       ||    87
Ability: Lunge             |     5 |     2 |       ||     7
         Whirlwind         |       |     5 |     2 ||     7
    Use: Scroll            |     2 |       |     6 ||     8
         Potion            |       |     1 |     5 ||     6
   Stab: Sleeping          |     2 |       |       ||     2
 Armour: Robe              |    14 |    21 |     2 ||    37
  Dodge: Dodged            |    23 |    28 |     4 ||    55
  Block: Kite shield       |    27 |    15 |       ||    42
         Tower shield      |       |    21 |    19 ||    40
